 Dungeon Crawl Stone Soup version 0.20.1-1-g8b1a95d (webtiles) character file.

8199 raph the Grappler (level 11, -4/104 HPs)
             Began as a Troll Monk on Aug 25, 2017.
             Was an Elder of Kikubaaqudgha.
             Slain by a two-headed ogre
             ... wielding a +0 giant club
              (17 damage)
             ... on level 10 of the Dungeon.
             The game lasted 00:27:25 (7937 turns).

raph the Grappler (Troll Monk)                      Turns: 7937, Time: 00:27:25

Health: -4/104     AC:  9    Str: 21    XL:     11   Next: 6%
Magic:  13/15      EV: 13    Int:  7    God:    Kikubaaqudgha [****..]
Gold:   755        SH:  0    Dex: 14    Spells: 13/16 levels left

rFire    + . .     SeeInvis .     - Unarmed
rCold    . . .     Gourm    +   (no shield)
rNeg     . . .     Faith    .   Y - +2 robe {MR+}
rPois    .         Spirit   .   t - +2 hat
rElec    .         Reflect  .   F - scarf {cloud immunity}
rCorr    .         Harm     .   (gloves unavailable)
MR       +....                  (boots unavailable)
Stlth    +++.......             B - amulet of rage
Regen    0.7/turn               u - ring of protection from fire
MPRegen  0.2/turn               H - ring of stealth

@: no status effects
A: unfitting armour, claws 3, fast metabolism 3, gourmand, regeneration 1,
shaggy fur 1, tough skin 2
a: Receive Corpses, Renounce Religion, Evoke Berserk Rage


You were on level 10 of the Dungeon.
You worshipped Kikubaaqudgha.
Kikubaaqudgha was greatly pleased with you.
You were completely stuffed.

You visited 2 branches of the dungeon, and saw 11 of its levels.

You collected 755 gold pieces.

Inventory:

Hand Weapons
 j - a +1 flail of protection
 s - a +0 giant club
Missiles
 K - 2 tomahawks (quivered)
 N - a throwing net
Armour
 c - a +0 cloak
 p - a +0 shield
 t - a +2 hat (worn)
 v - a +0 troll leather armour
 F - a scarf of cloud immunity (worn)
 Y - a +2 robe of magic resistance (worn)
Magical Staves
 x - an uncursed staff of fire
Jewellery
 u - a ring of protection from fire (left claw)
 A - an uncursed ring of protection from fire
 B - an amulet of rage (around neck)
 D - an uncursed ring of protection from cold
 H - a ring of stealth (right claw)
 S - an uncursed ring of flight
 U - an uncursed ring of poison resistance
Wands
 l - a wand of paralysis (14/24)
 m - a wand of polymorph (19/24)
 z - a wand of enslavement (7/24)
 T - a wand of acid (5/15)
 V - a wand of clouds (6/9)
 W - a wand of flame (29/48)
 Z - a wand of polymorph (7/24)
Scrolls
 e - 3 scrolls of recharging
 g - 6 scrolls of enchant weapon
 n - a scroll of magic mapping
 G - 2 scrolls of teleportation
Potions
 d - 3 potions of haste
 i - a potion of agility
 k - 2 potions of curing
 o - a potion of heal wounds
 r - 2 potions of flight
 E - 3 potions of ambrosia {unknown}
 I - 2 potions of degeneration {unknown}
 J - 2 potions of resistance {unknown}
 L - a potion of might {unknown}
 O - a potion of magic {unknown}
 Q - a potion of cancellation {unknown}
Books
 a - a book of Misfortune

   Spells                             Type                      Level
   a - Confusing Touch                Hexes                        1
   b - Confuse                        Hexes                        3
   c - Gell's Gravitas                Translocation                3
   d - Petrify                        Transmutation/Earth          4
   e - Metabolic Englaciation         Hexes/Ice                    5
   f - Yara's Violent Unravelling     Hexes/Transmutation          5
 h - a book of Fire

   Spells                             Type                      Level
   a - Ignite Poison                  Fire/Transmutation/Poison    3
   b - Fireball                       Conjuration/Fire             5
   c - Bolt of Fire                   Conjuration/Fire             6
   d - Ring of Flames                 Charms/Fire                  7
   e - Ignition                       Fire                         8
 y - Kikubaaqudgha's Catalogue of Sinister Rites
   (Kikubaaqudgha gifted it to you on level 5 of the Dungeon)

   Spells                             Type                      Level
   a - Animate Skeleton               Necromancy                   1
   b - Corpse Rot                     Necromancy                   2
   c - Sublimation of Blood           Necromancy                   2
   d - Regeneration                   Charms/Necromancy            3
   e - Control Undead                 Necromancy                   4
 C - a book of Air

   Spells                             Type                      Level
   a - Shock                          Conjuration/Air              1
   b - Swiftness                      Charms/Air                   2
   c - Static Discharge               Conjuration/Air              3
   d - Airstrike                      Air                          4
   e - Lightning Bolt                 Conjuration/Air              5
 R - Kikubaaqudgha's Tome of Dark Arts
   (Kikubaaqudgha gifted it to you on level 8 of the Dungeon)

   Spells                             Type                      Level
   a - Bolt of Draining               Conjuration/Necromancy       5
   b - Agony                          Necromancy                   5
   c - Cigotuvi's Embrace             Necromancy                   5
   d - Dispel Undead                  Necromancy                   5
   e - Death Channel                  Necromancy                   6
Comestibles
 b - 11 bread rations
 f - 6 royal jellies
 M - 3 meat rations
 P - 4 fruits


   Skills:
 + Level 5.5 Fighting
 + Level 6.1 Dodging
 - Level 1.0 Stealth
 * Level 11.3 Unarmed Combat
 + Level 3.3 Spellcasting
 * Level 5.4 Necromancy
 + Level 2.8 Evocations


You had 13 spell levels left.
You knew the following spells:

 Your Spells              Type           Power        Failure   Level  Hunger
a - Animate Skeleton      Necr           N/A          3%          1    ##.....
b - Corpse Rot            Necr           N/A          5%          2    ###....


Dungeon Overview and Level Annotations

Branches:
Dungeon (10/15)            Temple (1/1) D:6             Orc (0/2) D:9
   Lair: D:8-11

Altars:
Dithmenos
Gozag
Hepliaklqana
Kikubaaqudgha
Nemelex Xobeh
Ru
Sif Muna
Xom
The Shining One
Beogh

Shops:
D:7 %

Annotations:
D:4 Eustachio


Innate Abilities, Weirdness & Mutations

You are too large for most types of armour.
You have claws for hands.
Your metabolism is lightning-fast.
You like to eat raw meat.
Your natural rate of healing is unusually fast.
You are covered in fur. (AC +1)
You have very tough skin. (AC +2)


Message History

All of the chunks of flesh in your inventory have rotted away.
You barely miss Erolcha.
Erolcha is severely wounded.
The two-headed ogre hits you with a giant club!!
The two-headed ogre hits you with a giant spiked club!!
* * * LOW HITPOINT WARNING * * *
Erolcha closely misses you.
You mangle Erolcha!!
You kill Erolcha!
Kikubaaqudgha accepts your kill.
You have reached level 11!
Your orc wizard skeleton hits the two-headed ogre but does no damage.
Things that are here:
an enchanted giant spiked club; a runed robe a wand of lightning (?/15) {zapped: 1} The two-headed ogre hits you with a giant club!
* * * LOW HITPOINT WARNING * * *
The two-headed ogre hits you with a giant spiked club!
You die...
Kikubaaqudgha rasps: "You have failed me!
Welcome... death!"

#.#.##.# #.##.#.#
#......# #.##.#.### #.#
#.##......
####.########.###..#.#
###..Z#.##.>.....##.....
#......Z##............##
#.#.###.##.............#
# #.###O##..............
#..##@##......ZZZ.#.## #
#.##.##.....Z.#......
#.##.##.##.......####.##
#.......############...#
####.#### #.Z#.# #.#
#.Z..# #.###### #Z####
#......#########.#
######Z##..ZZ.ZZ.#


You could see a two-headed ogre and a friendly orc wizard skeleton.

Vanquished Creatures
  Erolcha (D:10)
  Erica (D:9)
  A two-headed ogre (D:10)
  Psyche (D:10)
  A troll (D:9)
  Prince Ribbit (D:9)
  2 hippogriffs
  A soldier ant (D:9)
  7 orc warriors
  The ghost of Zedayar the Ruffian, an amateur TrBe of Trog (D:3)
  2 ice beasts
  3 sky beasts
  A phantom (D:4)
  2 black bears
  2 ogres
  2 centaurs
  7 bullfrogs
  A water moccasin skeleton (D:7)
  4 scorpions
  11 killer bees
  2 electric eels (D:9)
  4 howler monkeys
  4 crimson imps
  A bullfrog zombie (D:6)
  2 jellies
  7 orc priests
  A bullfrog skeleton (D:5)
  5 hounds
  5 iguanas
  18 orc wizards
  A centaur skeleton (D:4)
  5 worker ants
  2 hound skeletons
  A worker ant zombie (D:9)
  10 adders
  4 gnolls (D:3)
  A howler monkey skeleton (D:3)
  2 shadow imps
  An adder zombie (D:9)
  4 worms
  4 dart slugs
  4 leopard geckos
  29 orcs
  3 giant cockroaches
  5 goblins
  7 hobgoblins
  8 jackals
  8 quokkas
  2 ball pythons
  4 bats
  8 frilled lizards
  9 kobolds
  A leopard gecko zombie (D:8)
  A quokka zombie (D:7)
  4 rats
229 creatures vanquished.

Vanquished Creatures (collateral kills)
  A hippogriff (D:9)
  A centaur (D:9)
  An orc priest (D:9)
  A worker ant zombie (D:6)
  3 orcs (D:9)
  A quokka (D:6)
8 creatures vanquished.

Grand Total: 237 creatures vanquished

Notes
Turn   | Place    | Note
-------+----------+-------------------------------------------
     0 | D:1      | raph the Troll Monk began the quest for the Orb.
     0 | D:1      | Reached XP level 1. HP: 22/22 MP: 0/0
   281 | D:1      | Reached XP level 2. HP: 29/29 MP: 1/1
   752 | D:2      | Reached XP level 3. HP: 34/36 MP: 2/2
   935 | D:2      | You fall through a shaft!
   971 | D:3      | Reached skill level 4 in Unarmed Combat
   976 | D:3      | Reached XP level 4. HP: 44/44 MP: 3/3
  1016 | D:3      | Reached XP level 5. HP: 20/53 MP: 4/4
  1081 | D:3      | Noticed Zedayar's ghost (amateur TrBe)
  1096 | D:3      | Killed Zedayar's ghost
  1096 | D:3      | Reached skill level 5 in Unarmed Combat
  1249 | D:3      | Found a deep blue altar of Sif Muna.
  1394 | D:3      | Reached XP level 6. HP: 61/61 MP: 5/5
  1414 | D:3      | Reached skill level 6 in Unarmed Combat
  1800 | D:2      | Found a shimmering altar of Xom.
  1862 | D:2      | Found a sparkling altar of Nemelex Xobeh.
  2608 | D:4      | Found an opulent altar of Gozag.
  2682 | D:4      | Reached skill level 7 in Unarmed Combat
  2763 | D:4      | Reached XP level 7. HP: 61/67 MP: 6/6
  3108 | D:4      | Reached skill level 8 in Unarmed Combat
  3248 | D:4      | Noticed Eustachio
  3376 | D:4      | Found a hazy altar of Hepliaklqana.
  3590 | D:5      | Entered Level 5 of the Dungeon
  3727 | D:5      | Found a shadowy altar of Dithmenos.
  3731 | D:5      | Found an ancient bone altar of Kikubaaqudgha.
  3738 | D:5      | Found a sacrificial altar of Ru.
  3759 | D:5      | Became a worshipper of Kikubaaqudgha
  3759 | D:5      | Reached * piety under Kikubaaqudgha
  3759 | D:5      | Identified Kikubaaqudgha's Catalogue of Sinister Rites (Kikubaaqudgha gifted it to you on level 5 of the Dungeon)
  3759 | D:5      | Received a gift from Kikubaaqudgha
  3759 | D:5      | Reached ** piety under Kikubaaqudgha
  3764 | D:5      | Learned a level 1 spell: Animate Skeleton
  3978 | D:5      | Reached XP level 8. HP: 75/75 MP: 7/7
  4086 | D:5      | Reached skill level 1 in Necromancy
  4130 | D:5      | Reached skill level 9 in Unarmed Combat
  4390 | D:6      | Reached skill level 1 in Spellcasting
  4588 | D:6      | Learned a level 2 spell: Corpse Rot
  4860 | D:6      | Found a staircase to the Ecumenical Temple.
  4871 | Temple   | Entered the Ecumenical Temple
  4941 | D:7      | Identified a scroll of acquirement
  5108 | D:7      | Noticed a hippogriff
  5117 | D:7      | Reached XP level 9. HP: 78/84 MP: 10/10
  5292 | D:7      | Found Ywoxit's Food Shop.
  5712 | D:8      | Reached *** piety under Kikubaaqudgha
  5712 | D:8      | Identified Kikubaaqudgha's Tome of Dark Arts (Kikubaaqudgha gifted it to you on level 8 of the Dungeon)
  5712 | D:8      | Received a gift from Kikubaaqudgha
  5714 | D:8      | Reached skill level 5 in Dodging
  5752 | D:8      | Reached skill level 10 in Unarmed Combat
  5964 | D:8      | Found a glowing golden altar of the Shining One.
  6140 | D:8      | Reached skill level 1 in Evocations
  6386 | D:9      | Found a staircase to the Orcish Mines.
  6400 | D:9      | Noticed Prince Ribbit
  6409 | D:9      | Killed Prince Ribbit
  6428 | D:9      | Noticed a troll
  6440 | D:9      | HP: 4/85 [troll (9)]
  6590 | D:9      | Killed a troll
  6784 | D:9      | Reached XP level 10. HP: 70/94 MP: 12/12
  6992 | D:9      | Reached skill level 5 in Fighting
  7130 | D:9      | Noticed Erica
  7145 | D:9      | Killed Erica
  7149 | D:9      | Reached **** piety under Kikubaaqudgha
  7541 | D:9      | Found a roughly hewn altar of Beogh.
  7573 | D:9      | Reached skill level 11 in Unarmed Combat
  7677 | D:10     | Entered Level 10 of the Dungeon
  7687 | D:10     | Noticed Psyche
  7690 | D:10     | Noticed a two-headed ogre
  7697 | D:10     | Killed Psyche
  7697 | D:10     | Reached skill level 5 in Necromancy
  7702 | D:10     | Killed a two-headed ogre
  7917 | D:10     | Noticed Erolcha
  7926 | D:10     | Noticed a two-headed ogre
  7935 | D:10     | Killed Erolcha
  7935 | D:10     | Reached XP level 11. HP: 23/104 MP: 13/15
  7937 | D:10     | Slain by a two-headed ogre

Skill      XL: |  1  2  3  4  5  6  7  8  9 10 |
---------------+-------------------------------+-----
Unarmed Combat | 4 5 7 8 9 10 11 | 11.3
Fighting       | 3 4 5 |  5.5
Dodging        | 3 4 5 6 |  6.1
Necromancy     | 2 3 5 |  5.4
Spellcasting   | 1 2 3 |  3.3
Evocations     | 1 2 |  2.8
Stealth        | |  1.0

Action                   |  1- 3 |  4- 6 |  7- 9 | 10-12 || total
-------------------------+-------+-------+-------+-------++-------
Melee: Unarmed           |    66 |   204 |   266 |   162 ||   698
       Punch             |     1 |     1 |    14 |    13 ||    29
Throw: Tomahawk          |       |       |     1 |       ||     1
 Cast: Animate Skeleton  |       |       |    16 |    21 ||    37
       Corpse Rot        |       |       |       |     4 ||     4
Invok: Receive Corpses   |       |       |       |     1 ||     1
 Abil: Evoke Berserk Rag |       |       |     2 |     2 ||     4
  Use: Scroll            |       |     8 |     6 |     4 ||    18
 Stab: Sleeping          |       |       |     4 |       ||     4
  Eat: Chunk             |    14 |    17 |    39 |    14 ||    84
Armor: Robe              |    32 |    61 |    80 |       ||   173
       Troll leather arm |       |       |       |    44 ||    44
Dodge: Dodged            |    31 |   117 |   139 |    80 ||   367
